 Dungeon Crawl Stone Soup version 0.29.0-15-g675c0067aa (webtiles) character file.

Game seed: 9079628380303709012

10 qw the Sneak (level 2, -10/19 HPs)
             Began as a Gargoyle Delver on Sept 11, 2022.
             Mangled by a gnoll
             ... wielding a +0 halberd
              (15 damage)
             ... on level 4 of the Dungeon.
             The game lasted 00:00:03 (104 turns).

qw the Sneak (Gargoyle Delver)                       Turns: 104, Time: 00:00:04

Health: -10/19     AC:  5    Str: 15    XL:     2   Next: 20%
Magic:  2/2        EV: 11    Int: 10    God:
Gold:   9          SH:  0    Dex: 11    Spells: 1/1 levels left

rFire   . . .      SeeInvis .   a - +0 hand axe
rCold   . . .      Faith    .   (no shield)
rNeg    + . .      Spirit   .   b - +0 leather armour
rPois   inf        Reflect  .   (no helmet)
rElec   +          Harm     .   (no cloak)
rCorr   .          Rampage  .   (no gloves)
Will    .....                   (no boots)
Stlth   +++.......              (no amulet)
HPRegen 0.06/turn               (no ring)
MPRegen 0.08/turn               (no ring)

@: no status effects
A: sickness immunity, AC +2, negative energy resistance 1, electricity
resistance, torment resistance 1, petrification resistance
a: no special abilities


You were on level 4 of the Dungeon.
You visited 1 branch of the dungeon, and saw 2 of its levels.

You collected 9 gold pieces.


Innate Abilities, Weirdness & Mutations

You are immune to sickness and miasma.
Your stone body is resilient. (AC +2)
You are immune to poison.
You resist negative energy. (rN+)
You are resistant to electric shocks. (rElec)
You are resistant to unholy torment.
You are immune to petrification.


   Skills:
 - Level 3.2 Fighting
 + Level 2.5 Axes
 - Level 1.5 Dodging
 - Level 5.4 Stealth


You had one spell level left.
You didn't know any spells.
Your spell library was empty.

Inventory:

Hand Weapons
 a - a +0 hand axe (weapon)
Armour
 b - a +0 leather armour (worn)
Wands
 g - a wand of digging (3)
Potions
 f - a potion of haste

Dungeon Overview and Level Annotations

Branches:
Dungeon (5/15)
 Temple: D:4-7

Altars:


Message History

Enter note: The hound barks!
An endoplasm comes into view.
The teleport trap disappears.
The gnoll disappears!
You closely miss the hound. The hound bites you but does no damage.
The hound closely misses you.
You closely miss the hound.
A quokka comes into view.
The hound bites you but does no damage. The hound closely misses you.
The quokka moves out of view.
You hit the hound.
The hound is moderately wounded.
The hound closely misses you.
A gnoll comes into view. It is wielding a +0 halberd.
The hound bites you. The endoplasm closely misses you.
You closely miss the hound.
The hound is moderately wounded.
The gnoll shouts!
You hit the endoplasm. The hound bites you but does no damage.
The endoplasm closely misses you.
You hit the endoplasm.
The endoplasm is almost dead.
You hit the hound. The hound bites you. x2
The endoplasm freezes you.
You are frozen.
You hit the endoplasm.
You kill the endoplasm!
You miss the hound. The hound misses you. The hound bites you.
You barely miss the hound.
The hound is heavily wounded.
The hound barely misses you. The gnoll barely misses you.
The hound bites you but does no damage.
You closely miss the hound.
The hound is heavily wounded.
The hound barely misses you.
The gnoll hits you from afar with a +0 halberd!
Ouch! That really hurt!
You die...

.........######
..#...............#.....
..#...... ........#.....
........ ........#.....
#....r#####.....#.....
#.....#...#.....'.....
#.....#...+.....#...##
###....h#...#.....#...##
.......@##'##..%..#.....
.........g........#.....
..................#...##
##................######
#................#.....
#......#+###.....#.....
~..#....# #.....#.....
~..#.(..# #.....#.....
#.... #.....######


You could see a hound, a gnoll and a quokka.

Vanquished Creatures
  An adder (D:4)
  An endoplasm (D:4)
2 creatures vanquished.

Notes
Turn   | Place    | Note
-------+----------+-------------------------------------------
     0 | D:5      | qw the Gargoyle Delver began the quest for the Orb.
     0 | D:5      | Reached XP level 1. HP: 14/14 MP: 1/1
     0 | D:5      | 0 ||| qw: Version: 0.1-a-117-gfe26ee0
     0 | D:5      | 0 ||| qw: Game counter: 10033
     0 | D:5      | 0 ||| qw: Always use a shield: true
     0 | D:5      | 0 ||| qw: God list: Okawaru
     0 | D:5      | 0 ||| qw: Allow faded altars: false
     0 | D:5      | 0 ||| qw: Do Orc after D:15 true
     0 | D:5      | 0 ||| qw: Do second Lair branch before Depths: true
     0 | D:5      | 0 ||| qw: Lair rune preference: random
     0 | D:5      | 0 ||| qw: Plans: Normal
     0 | D:5      | 0 ||| PLANNING D:1-11
     0 | D:5      | 0 ||| DROPPING scroll of fog.
     1 | D:5      | 1 ||| DROPPING scroll of magic mapping.
     2 | D:5      | 2 ||| DROPPING scroll of fear.
    79 | D:4      | Reached XP level 2. HP: 19/19 MP: 2/2
   104 | D:4      | Mangled by a gnoll

Levels and vault maps discovered:
D:4:      layout_gridville, lemuel_tele_altar, mainiacjoe_overflow_alcove_2,
          minmay_temple_entry_water_ring
D:5:      layout_layer_cave, nemelex_dance_club_becter,
          kennysheep_okawaru_gauntlet

Skill      XL: |  1 |
---------------+----+-----
Axes           | 2 |  2.5
Fighting       | |  3.2
Dodging        | |  1.5
Stealth        | |  5.4

Action                   || total
-------------------------++-------
Melee: Hand axe          ||    10
Armor: Leather armour    ||     5
Dodge: Dodged            ||    11

Table legend:
 A = Non-vault XP
 B = Vault XP
 C = Vault XP percentage of total XP
 D = Non-vault monster count
 E = Vault monster count
 F = Vault count percentage of total count
                 A         B        C        D         E       F
            +---------+---------+-------+---------+---------+-------
      Total |      15 |       0 |   0.0 |       2 |       0 |   0.0
            +---------+---------+-------+---------+---------+-------
        D:4 |      15 |       0 |   0.0 |       2 |       0 |   0.0
            +---------+---------+-------+---------+---------+-------
